 Dungeon Crawl Stone Soup version 0.31-a0-538-gbc85326fa9 (webtiles) character file.

Game seed: 13226602629740818442

2858 Arcadio the Fighter (level 10, -1/73 HPs)
             Began as a Formicid Hunter on Aug 13, 2023.
             Was a Priest of Hepliaklqana.
             Slain by Joseph
             ... wielding a +1 spectral quarterstaff
              (14 damage)
             ... on level 7 of the Dungeon.
             The game lasted 00:21:01 (4770 turns).

Arcadio the Fighter (Formicid Hunter)               Turns: 4770, Time: 00:21:02

Health: -1/73      AC:  8    Str: 21    XL:     10   Next: 4%
Magic:  10/10      EV: 12    Int:  9    God:    Hepliaklqana [***...]
Gold:   199        SH:  0    Dex: 21    Spells: 9/9 levels left

rFire   + . .        b - +0 morningstar
rCold   x . .        (no shield)
rNeg    . . .        c - +0 leather armour
rPois   .            (helmet unavailable)
rElec   .            w - +0 cloak
rCorr   .            t - +0 pair of gloves
SInv    +            h - +0 pair of boots
Will    +....        F - amulet of Ucaceim {rC- Regen+ Str+5 SInv}
Stlth   ++           E - ring of protection from fire
HPRegen 1.12/turn    (no ring)
MPRegen 0.12/turn

%: no passive effects
@: no status effects
A: reduced essence, permanent stasis, dig shafts and tunnels, antennae 3, four
strong arms
a: Dig, Shaft Self, Renounce Religion, Recall Ancestor, Ancestor Identity,
Transference


You were on level 7 of the Dungeon.
You worshipped Hepliaklqana.
Hepliaklqana was most pleased with you.
You visited 2 branches of the dungeon, and saw 8 of its levels.

You collected 313 gold pieces.
You spent 114 gold pieces at shops.

Inventory:

Hand Weapons
 a - a +0 shortbow
 b - a +0 morningstar (weapon)
 k - a +0 short sword
 y - a +0 rapier of speed
Missiles
 r - 10 throwing nets
Armour
 c - a +0 leather armour (worn)
 h - a +0 pair of boots (worn)
 n - a +0 scale mail
 t - a +0 pair of gloves (worn)
 w - a +0 cloak (worn)
Jewellery
 d - an amulet of regeneration
 s - an amulet of guardian spirit
 E - a ring of protection from fire (left hand)
 F - the amulet of Ucaceim (around neck) {rC- Regen+ Str+5 SInv}
   (You found it on level 7 of the Dungeon)

   [amulet of regeneration]

   Str+5:     It affects your strength (+5).
   rC-:       It makes you vulnerable to cold.
   SInv:      It lets you see invisible.
   Regen+:    It increases your rate of health regeneration.
Talismans
 q - a maw talisman
Wands
 m - a wand of polymorph (9)
 x - a wand of flame (11)
Scrolls
 f - a scroll of amnesia
 g - a scroll of butterflies
 j - a scroll of noise {unknown}
 v - a scroll of enchant weapon {unknown}
 z - a scroll of acquirement {unknown}
 A - a scroll of torment {unknown}
Potions
 e - a potion of attraction
 i - a potion of mutation
 l - a potion of enlightenment
 o - a potion of cancellation {unknown}
 p - 2 potions of lignification
 u - 2 potions of magic {unknown}
 B - 2 potions of resistance {unknown}
 C - 4 potions of curing
 D - 3 potions of heal wounds


   Skills:
 + Level 8.7 Fighting
 + Level 8.6 Ranged Weapons
 + Level 8.2 Armour
 - Level 1.7 Dodging
 - Level 1.2 Stealth


You had 9 spell levels left.
You didn't know any spells.
Your spell library contained the following spells:

 Spells                   Type           Power      Damage    Failure   Level
 Call Canine Familiar     Summ           0%         N/A       80%         3
 Gell's Gravitas          Tloc           0%         N/A       80%         3
 Portal Projectile        Hex/Tloc       0%         N/A       80%         3
 Teleport Other           Tloc           0%         N/A       80%         3
 Animate Armour           Summ/Erth      0%         N/A       99%         4
 Leda's Liquefaction      Hex/Erth       0%         N/A       99%         4
 Summon Lightning Spire   Summ/Air       0%         N/A       99%         4
 Lee's Rapid Deconstruct  Erth           0%         3d4*      100%        5
 Dispersal                Tloc           0%         N/A       100%        6


Dungeon Overview and Level Annotations

Branches:
Dungeon (7/15) Zot: 26827  Temple (1/1) D:4 Zot: 5998

Altars:
Ashenzari
Dithmenos
Elyvilon
Fedhas
Gozag
Hepliaklqana
Makhleb
Nemelex Xobeh
Okawaru
Qazlal
Trog
Vehumet
Wu Jian
Xom
Zin
The Shining One

Shops:
D:1 ![:   D:6 !

Annotations:
D:4 1 runed translucent door, Vruhak's ghost, amateur FoHu
D:7 Joseph


Innate Abilities, Weirdness & Mutations

Your life essence is reduced to manifest your ancestor. (-10% HP)
You cannot be hasted, slowed, berserked, paralysed or teleported.
You can dig through walls and to a lower floor.
You have a pair of large antennae on your head. (SInv)
Your four strong arms can wield two-handed weapons with a shield.


Message History

Fire: a) +0 shortbow
Press: ? - help, Q - select action, (/) - cycle Shift-Dir - straight line, f - you
Okay, then.
Joseph, a Mercenary comes into view.
He is wielding a +1 spectral quarterstaff.
b - a +0 morningstar (weapon)
Joseph shouts!
Joseph unwields a +1 spectral quarterstaff.
Joseph wields a +0 sling.
Joseph shoots a sling bullet.
The sling bullet barely misses you.
Joseph says, "I've waited for this moment for such a long time."
Joseph shoots a sling bullet.
The sling bullet barely misses you.
Joseph shoots a sling bullet.
The sling bullet closely misses you.
Xochimilko casts a spell at Joseph.
Joseph easily resists.
Joseph shoots a sling bullet.
The sling bullet hits you!
Joseph unwields a +0 sling.
Joseph wields a +1 spectral quarterstaff.
Joseph hits you with a +1 spectral quarterstaff.
The +1 spectral quarterstaff hits you.
A +1 spectral quarterstaff comes into view.
You hit Joseph.
Joseph is lightly wounded.
Joseph barely misses you. The +1 spectral quarterstaff hits you.
Xochimilko hits the +1 spectral quarterstaff but does no damage.
Xochimilko hits the +1 spectral quarterstaff with a +0 dagger of draining.
Joseph shares his spectral weapon's damage!
You sock Joseph!
Joseph is moderately wounded.
Joseph hits you with a +1 spectral quarterstaff!
The +1 spectral quarterstaff hits you.
Xochimilko barely misses the +1 spectral quarterstaff.
Xochimilko hits the +1 spectral quarterstaff with a +0 dagger of draining.
Joseph shares his spectral weapon's damage!
Joseph hits you with a +1 spectral quarterstaff!!
The +1 spectral quarterstaff hits you!
* * * LOW HITPOINT WARNING * * *
Xochimilko hits the +1 spectral quarterstaff with a +0 dagger of draining.
Joseph shares his spectral weapon's damage!
Joseph hits you with a +1 spectral quarterstaff!
You die... ### #..# .. #..# #.# #..# #.###..###### ... #...........# P.P

#.......(...# ~P~P
#...).....R@# ♣~P
##.........@.#
♣~P.+......#######
♣♣~~##.#####
♣~~..#.##(# ♣~~P......#
#
♣~~~~P#.##.########.#.#
~~~~#.#...............#
P.# ..####.####.....###
. ##. #.# #.#####


You could see the friendly Xochimilko the hexer, Joseph (ally target) and a +1
spectral quarterstaff.

Vanquished Creatures
  Sigmund (D:6)
  Eustachio (D:5)
  A sky beast (D:5)
  A black bear (D:6)
  A centaur (D:5)
  Blork the orc (D:6)
  3 scorpions
  2 howler monkeys
  An electric eel (D:7)
  3 jellies
  An orc priest (D:5)
  2 gnoll boudas (D:6)
  A hound (D:6)
  Terence (D:2)
  A sleepcap (D:5)
  An orc wizard (D:5)
  6 adders
  5 gnolls
  2 worms
  2 dart slugs
  16 orcs
  6 ball pythons
  5 endoplasms
  6 giant cockroaches
  2 goblins
  5 hobgoblins
  10 jackals
  6 quokkas
  6 bats
  3 frilled lizards
  6 kobolds
  6 rats
  A butterfly (D:4)
115 creatures vanquished.

Vanquished Creatures (collateral kills)
  An orc warrior (D:7)
  2 black bears
  An ice beast (D:6)
  A wolf (D:6)
  2 ogres
  A gnoll sergeant (D:6)
  2 scorpions
  An electric eel (D:7)
  A howler monkey (D:5)
  An orc priest (D:5)
  5 hounds
  A jelly (D:5)
  2 iguanas (D:5)
  A gnoll bouda (D:6)
  3 orc wizards
  13 gnolls
  8 adders
  A dart slug (D:5)
  6 orcs
  A ball python (D:2)
  An endoplasm (D:4)
  A giant cockroach (D:2)
  A goblin (D:4)
  3 jackals
  2 quokkas (D:3)
62 creatures vanquished.

Grand Total: 177 creatures vanquished

Notes
Turn   | Place    | Note
-------+----------+-------------------------------------------
     0 | D:1      | Arcadio the Formicid Hunter began the quest for the Orb.
     0 | D:1      | Reached XP level 1. HP: 16/16 MP: 1/1
   161 | D:1      | Reached XP level 2. HP: 23/23 MP: 2/2
   237 | D:1      | Reached skill level 1 in Armour
   245 | D:1      | Found Loxzyim's Antique Armour Emporium.
   332 | D:1      | Found Egiset's Book Shop.
   362 | D:1      | Reached XP level 3. HP: 28/28 MP: 3/3
   473 | D:1      | Found Todias's Distillery.
   488 | D:1      | Bought a potion of degeneration for 10 gold pieces
   962 | D:2      | Found a faded altar of an unknown god.
  1006 | D:2      | Prayed at the altar of an unknown god.
  1006 | D:2      | Became a worshipper of Hepliaklqana the Forgotten
  1006 | D:2      | Reached * piety under Hepliaklqana
  1115 | D:2      | Noticed Terence
  1123 | D:2      | Killed Terence
  1124 | D:2      | Reached XP level 4. HP: 31/31 MP: 4/4
  1223 | D:2      | Reached XP level 5. HP: 36/36 MP: 5/5
  1527 | D:3      | Found a shimmering altar of Xom.
  1527 | D:3      | Found a shimmering altar of Xom.
  1550 | D:3      | Found a shimmering altar of Xom.
  1573 | D:3      | Found a shimmering altar of Xom.
  1681 | D:3      | Reached ** piety under Hepliaklqana
  1682 | D:3      | Remembered your ancestor Xochimilko as a hexer
  1812 | D:3      | Reached skill level 5 in Ranged Weapons
  2282 | D:4      | Reached XP level 6. HP: 44/44 MP: 6/6
  2491 | D:4      | Found a runed translucent door.
  2491 | D:4      | Noticed Vruhak's ghost (amateur FoHu)
  2491 | D:4      | Noticed a yak
  2506 | D:4      | Noticed an ogre
  2514 | D:4      | Killed an ogre
  2552 | D:4      | Reached XP level 7. HP: 49/49 MP: 7/7
  2556 | D:4      | Found a staircase to the Ecumenical Temple.
  2576 | Temple   | Entered the Ecumenical Temple
  2859 | D:4      | Reached skill level 5 in Fighting
  2996 | D:5      | Entered Level 5 of the Dungeon
  3103 | D:5      | Reached *** piety under Hepliaklqana
  3104 | D:5      | Noticed Eustachio
  3129 | D:5      | Reached skill level 5 in Armour
  3129 | D:5      | Reached XP level 8. HP: 51/57 MP: 8/8
  3176 | D:5      | Killed Eustachio
  3603 | D:6      | Reached XP level 9. HP: 64/64 MP: 9/9
  4140 | D:6      | Noticed Sigmund
  4148 | D:6      | Killed Sigmund
  4169 | D:6      | Found Woat's Distillery.
  4174 | D:6      | Bought a potion of heal wounds for 65 gold pieces
  4174 | D:6      | Bought a potion of curing for 39 gold pieces
  4178 | D:6      | Noticed Blork the orc
  4190 | D:6      | Killed Blork the orc
  4636 | D:7      | Reached XP level 10. HP: 42/73 MP: 10/10
  4673 | D:7      | Identified the amulet of Ucaceim {rC- Regen+ Str+5 SInv}
  4760 | D:7      | Noticed Joseph
  4770 | D:7      | Slain by Joseph

Illustrated notes

Levels and vault maps discovered:
D:1:      amcnicky_arrival_flooded_fountain, layout_basic, serial_forest,
          infiniplex_forest_lined_room_2, infiniplex_forest_clump_tiny,
          infiniplex_forest_clump_small, infiniplex_forest_pool, serial_shops,
          shop, shop_statue, shop
D:2:      layout_rooms, shapermc_ecumenical_altar_flowoftime,
          kennysheep_generic_room_7, uniq_terence
D:3:      minmay_spotlight, layout_rooms, xom_redecorated, serial_rivers,
          chequers_serial_rivers_large_b, chequers_serial_rivers_micro_a,
          chequers_serial_rivers_micro_c, chequers_serial_rivers_room_a,
          chequers_serial_rivers_marsh, chequers_serial_rivers_micro_c
D:4:      layout_loops_corners, minmay_temple_entry_butterflies,
          ebering_ghost_inner_flame
D:5:      layout_basic, minmay_misc_feat_alley, uniq_eustachio
D:6:      layout_cave_pools, serial_gnoll_camp, gnoll_camp_medium_02,
          gnoll_camp_mini_doghouse, gnoll_camp_mini_shop, gnoll_camp_mini_hut,
          uniq_blork_the_orc, uniq_sigmund
D:7:      layout_basic, grunt_temple_overflow_open, serial_bayou,
          serial_bayou_pond_c, serial_bayou_lagoon_b, serial_bayou_crossing,
          serial_bayou_pond_d, gammafunk_ghost_grave, uniq_joseph
Temple:   dpeg_chambers_temple

Skill      XL: |  1  2  3  4  5  6  7  8  9 |
---------------+----------------------------+-----
Armour         | 1 2 3 5 6 8 |  8.2
Fighting       | 3 4 5 7 8 |  8.7
Ranged Weapons | 5 6 7 8 |  8.6
Dodging        | |  1.7
Stealth        | |  1.2

Action                     |  1- 3 |  4- 6 |  7- 9 | 10-12 || total
---------------------------+-------+-------+-------+-------++-------
  Melee: Morningstar       |       |    15 |   131 |     2 ||   148
         Short sword       |       |     7 |       |       ||     7
   Fire: Shortbow          |   122 |   115 |   154 |     8 ||   399
 Invoke: Ancestor Life: He |       |     1 |       |       ||     1
         Ancestor Identity |       |     1 |       |       ||     1
         Recall Ancestor   |       |       |     1 |       ||     1
Ability: Shaft Self        |       |       |       |     1 ||     1
    Use: Scroll            |       |     5 |     1 |       ||     6
   Stab: Distracted        |       |       |     3 |       ||     3
         Confused          |       |       |    11 |       ||    11
 Armour: Leather armour    |     8 |    12 |    62 |       ||    82
  Dodge: Dodged            |    28 |    32 |   112 |     4 ||   176

Table legend: (Time is in decaauts)
 A = Elapsed time spent in this place.
 B = Non-inter-level travel time spent in this place.
 C = Inter-level travel time spent in this place.
 D = Time resting spent in this place.
 E = Time spent auto-exploring this place.
 F = Levels seen in this place.
 G = Mean time per level.
                   A        B        C        D        E       F      G
               +--------+--------+--------+--------+--------+-----+--------+
         Total |   4910 |   4735 |    175 |    326 |   3065 |   8 |  613.8 |
       Dungeon |   4909 |   4734 |    175 |    326 |   3065 |   7 |  701.3 |
        Temple |      1 |      1 |      0 |      0 |      0 |   1 |    1.0 |
               +--------+--------+--------+--------+--------+-----+--------+

Top non-repeatable levels by time:
     D:1: 960 daAuts
     D:5: 912 daAuts
     D:4: 875 daAuts
     D:6: 749 daAuts
     D:3: 697 daAuts
     D:2: 542 daAuts
     D:7: 171 daAuts
  Temple: 1 daAuts
